 Dungeon Crawl Stone Soup version 0.25-a0-1007-g10a8c3caa8 (webtiles) character file.

Game seed: 10574207739844280937, levelgen mode: deterministic

185 MisterFreud the Skirmisher (level 5, -9/46 HPs)
             Began as a Formicid Abyssal Knight on May 11, 2020.
             Was a Believer of Lugonu.
             Killed by divine providence
             ... invoked by an orc priest
              (14 damage)
             ... on level 3 of the Dungeon.
             The game lasted 00:04:51 (4154 turns).

MisterFreud the Skirmisher (FoAK)                   Turns: 4154, Time: 00:04:52

Health: -9/46      AC:  3    Str: 15 (18) XL:     5   Next: 96%
Magic:  8/8        EV: 11    Int:  8 (11) God:    Lugonu [**....]
Gold:   167        SH:  0    Dex:  8 (10) Spells: 4/4 levels left

rFire    . . .     SeeInvis +   a - +1 hand axe
rCold    . . .     Gourm    .   (no shield)
rNeg     + . .     Faith    .   b - +0 leather armour
rPois    .         Spirit   .   (helmet unavailable)
rElec    .         Reflect  .   (no cloak)
rCorr    +         Harm     .   (no gloves)
MR       .....                  (no boots)
Stlth    +.........             (no amulet)
HPRegen  0.15/turn              n - ring of resist corrosion
MPRegen  0.11/turn              t - ring of positive energy

@: no status effects
A: permanent stasis, dig shafts and tunnels, four strong arms, antennae 3
a: Dig, Shaft Self, Depart the Abyss, Bend Space, Renounce Religion


You were on level 3 of the Dungeon.
You worshipped Lugonu.
Lugonu was pleased with you.
You were not hungry.

You visited 1 branch of the dungeon, and saw 4 of its levels.
You visited the Abyss 1 time.

You collected 167 gold pieces.

Inventory:

Hand Weapons
 a - a +1 hand axe (weapon)
Missiles
 e - 13 bolts
 j - 142 stones (quivered)
 l - 14 sling bullets
 m - 6 datura-tipped darts
Armour
 b - a +0 leather armour (worn)
Jewellery
 n - a ring of resist corrosion (left hand)
 r - an uncursed ring of magical power
 t - a ring of positive energy (right hand)
Scrolls
 d - 5 scrolls of identify {unknown}
 f - a scroll of fog {unknown}
 g - 2 scrolls of magic mapping {unknown}
 h - a scroll of random uselessness {unknown}
 k - 2 scrolls of amnesia {unknown}
 o - a scroll of fear {unknown}
 s - 3 scrolls of enchant weapon {unknown}
Potions
 i - a potion of lignification {unknown}
 p - 2 potions of might
Comestibles
 c - 7 rations
 q - a chunk of flesh


   Skills:
 - Level 6.0 Fighting
 - Level 2.0 Axes
 - Level 2.1 Armour
 - Level 0.8 Dodging
 + Level 4.0 Invocations


You had 4 spell levels left.
You didn't know any spells.
Your spell library was empty.

Dungeon Overview and Level Annotations

Branches:
Dungeon (4/15)
 Temple: D:4-7

Altars:
Cheibriados
Trog
Uskayaw


Innate Abilities, Weirdness & Mutations

You cannot be hasted, slowed, berserked, paralysed or teleported.
You can dig through walls and to a lower floor.
Your four strong arms can wield two-handed weapons with a shield.
You have a pair of large antennae on your head. (SInv)


Message History

The orc priest hits you but does no damage.
You hit the orc priest.
The orc priest is moderately wounded.
The orc priest hits you but does no damage.
You hit the orc priest but do no damage.
The orc priest is moderately wounded.
The orc priest hits you with a +0 dagger. x2
You closely miss the orc priest.
The orc priest is moderately wounded.
The orc priest calls down the wrath of Beogh upon you.
Beogh smites you!
* * * LOW HITPOINT WARNING * * *
You hit the orc priest.
The orc priest is moderately wounded.
The orc priest barely misses you.
You barely miss the orc priest.
The orc priest is moderately wounded.
The orc priest invokes the aid of Beogh against you.
Beogh smites you!
You die...

##........#.# #..## ##.....
#........#.# #...# ######.....⌠
##.8.8.8.#o#
#.#.####...##.#....
#.......#.###...##...#gg.......
##.######..###..##.#######.....
#.# ##.#.......# ###... #.#
#.#.......# #######. #.#
#.#.......## ......##
#.#######.#.o@.....# .......
#..................# .......
#######....#######.###.......
#....##....)...........
#....#..####...........
#......## ##>......... #....###
#)......... #....# #..........
#....# #..........


You could see an orc priest.

Vanquished Creatures
  8 adders
  A gnoll (D:3)
  An ooze (D:3)
  2 worms
  2 dart slugs (D:3)
  A leopard gecko (D:1)
  11 orcs
  5 giant cockroaches
  7 goblins
  12 hobgoblins
  11 kobolds
  A ball python (D:3)
  5 bats
  7 frilled lizards
  5 rats
79 creatures vanquished.

Notes
Turn   | Place    | Note
-------+----------+-------------------------------------------
     0 | Abyss:1  | MisterFreud the Formicid Abyssal Knight began the quest for
                  | the Orb.
     0 | Abyss:1  | Reached XP level 1. HP: 18/18 MP: 2/2
    77 | Abyss:1  | Noticed a neqoxec
    78 | Abyss:1  | Noticed a large abomination
    87 | Abyss:1  | Noticed a starcursed mass
   141 | Abyss:1  | Noticed a large abomination
   141 | D:1      | Escaped the Abyss
   330 | D:1      | Reached * piety under Lugonu
   330 | D:1      | Reached XP level 2. HP: 25/25 MP: 3/3
   515 | D:1      | Reached skill level 4 in Fighting
   923 | D:2      | Reached XP level 3. HP: 13/31 MP: 4/4
   924 | D:2      | Found a bloodstained altar of Trog.
  1889 | D:2      | Reached skill level 5 in Fighting
  2190 | D:3      | Reached XP level 4. HP: 31/39 MP: 5/5
  2197 | D:3      | Reached ** piety under Lugonu
  2574 | D:3      | Reached XP level 5. HP: 21/46 MP: 6/6
  2584 | D:3      | Reached skill level 6 in Fighting
  3094 | D:3      | You fall into a shaft and drop 1 floor!
  3492 | D:3      | HP: 2/46 [poisoned by an adder]
  3717 | D:3      | Found a hide-covered altar of Uskayaw.
  3748 | D:3      | Found a snail-covered altar of Cheibriados.
  4154 | D:3      | Killed from afar by an orc priest

Illustrated notes

Levels and vault maps discovered:
D:1:      minmay_arrival_diagonal_passages, layout_loops_ring, dk_noncrumbling_4
D:2:      layout_basic, lemuel_doored_altar
D:3:      minmay_skewed_foursquare, layout_rooms,
          eat_drink_and_be_merry_uskayaw, kennysheep_slug_shrine
D:4:      minmay_polygon_palace, layout_basic, nicolae_overflow_hidden_temple,
          minmay_temple_entry_sparse_star, lightli_minifort, uniq_grinder

Skill      XL: |  1  2  3  4  5 |
---------------+----------------+-----
Fighting       | 4 5 6 |  6.0
Invocations    | 4 |  4.0
Axes           | |  2.0
Armour         | |  2.1
Dodging        | |  0.8

Action                   |  1- 3 |  4- 6 || total
-------------------------+-------+-------++-------
Melee: Hand axe          |   102 |   177 ||   279
Invok: Depart the Abyss  |     1 |       ||     1
 Abil: Shaft Self        |       |     1 ||     1
  Use: Potion            |       |     6 ||     6
  Eat: Chunk             |     4 |     7 ||    11
Armor: Leather armour    |    30 |    49 ||    79
Dodge: Dodged            |    79 |   111 ||   190

Table legend:
 A = Non-vault XP
 B = Vault XP
 C = Vault XP percentage of total XP
 D = Non-vault monster count
 E = Vault monster count
 F = Vault count percentage of total count
                 A         B        C        D         E       F
            +---------+---------+-------+---------+---------+-------
      Total |     221 |      44 |  16.6 |      71 |       8 |  10.1
            +---------+---------+-------+---------+---------+-------
        D:1 |      22 |       0 |   0.0 |      12 |       0 |   0.0
        D:2 |      51 |       0 |   0.0 |      23 |       0 |   0.0
        D:3 |     148 |      44 |  22.9 |      36 |       8 |  18.2
            +---------+---------+-------+---------+---------+-------
